 Dungeon Crawl Stone Soup version 0.26-a0-658-gbdda728c12 (webtiles) character file.

Game seed: 7600557004815614331

1723 flotson the Grave Robber (level 9, -1/47 HPs)
             Began as a Kobold Necromancer on Oct 4, 2020.
             Was a Follower of Fedhas.
             Slain by an ancient zyme (6 damage)
             ... on level 1 of the Abyss.
             The game lasted 00:31:41 (11333 turns).

flotson the Grave Robber (Kobold Necromancer)      Turns: 11333, Time: 00:31:42

Health: -1/47      AC:  4    Str:  6    XL:     9   Next: 25%
Magic:  0/19       EV: 14    Int: 16    God:    Fedhas [*.....]
Gold:   358        SH:  0    Dex: 18    Spells: 8/22 levels left

rFire    . . .     SeeInvis .   a - +2 dagger (speed)
rCold    . . .     Faith    .   (shield restricted)
rNeg     . . .     Spirit   +   d - +0 leather armour
rPois    .         Reflect  .   (no helmet)
rElec    .         Harm     .   i - +0 cloak
rCorr    .         Rampage  .   (no gloves)
MR       .....     Rnd*Rage +   (no boots)
Stlth    ++++......             e - amulet of guardian spirit
HPRegen  0.00/turn              (no ring)
MPRegen  0.16/turn              (no ring)

@: about to teleport, non-regenerating, badly diseased, drained
A: small, berserk 1, nightstalker 3
a: Renounce Religion


You were on level 1 of the Abyss.
You worshipped Fedhas.
Fedhas was aware of your devotion.
You visited 2 branches of the dungeon, and saw 7 of its levels.
You visited the Abyss 1 time.
You also visited: Sewer.

You collected 358 gold pieces.

Inventory:

Hand Weapons
 a - a +2 dagger of speed (weapon)
 b - a +0 hunting sling
 c - a +0 vampiric hand axe
Missiles
 s - 14 stones (quivered)
Armour
 d - a +0 leather armour (worn)
 i - a +0 cloak (worn)
 j - a +0 kite shield
Jewellery
 e - an amulet of guardian spirit (around neck)
Scrolls
 f - 3 scrolls of vulnerability {unknown}
 g - 8 scrolls of remove curse
 h - 2 scrolls of immolation {unknown}
 l - 3 scrolls of teleportation
 p - a scroll of enchant armour {unknown}
 q - a scroll of magic mapping {unknown}
 v - a scroll of amnesia {unknown}
 y - a scroll of blinking {unknown}
 A - 3 scrolls of fear {unknown}
 C - a scroll of fog {unknown}
Potions
 k - 5 potions of lignification
 m - 2 potions of haste
 n - 3 potions of invisibility
 o - 2 potions of heal wounds
 r - a potion of ambrosia
 t - a potion of brilliance
 u - a potion of stabbing
 w - 2 potions of might
 x - a potion of cancellation {unknown}
 z - a potion of curing
Miscellaneous
 D - a condenser vane (2/2)


   Skills:
 + Level 1.3(0.4) Fighting
 + Level 2.9(1.9) Short Blades
 + Level 2.1(1.2) Slings
 + Level 2.3(1.3) Armour
 + Level 3.5(2.5) Dodging
 + Level 5.7(4.7) Stealth
 + Level 7.0(5.9) Spellcasting
 + Level 7.3(6.1) Necromancy
 + Level 1.0(0.0) Evocations


You had 8 spell levels left.
You knew the following spells:

 Your Spells              Type           Power        Failure   Level
a - Pain                  Necr           ###.         1%          1
b - Animate Skeleton      Necr           ###...       1%          1
c - Vampiric Draining     Necr           ###.......   4%          3
d - Animate Dead          Necr           ###.......   17%         4
e - Agony                 Necr           ###.....     43%         5

Your spell library contained the following spells:

 Spells                   Type           Power        Failure   Level


Dungeon Overview and Level Annotations

Branches:
Dungeon (6/15)             Temple (1/1) D:4           Sewer (visited)

Altars:
Cheibriados
Dithmenos
Elyvilon
Fedhas
Gozag
Hepliaklqana
Nemelex Xobeh
Okawaru
Qazlal
Ru
Sif Muna
Trog
Uskayaw
Vehumet
Wu Jian
Xom
Yredelemnul
Zin
The Shining One


Innate Abilities, Weirdness & Mutations

You are small and have problems with some larger weapons.
You are completely attuned to the shadows.
You tend to lose your temper in combat.


Message History

You feel the power of the Abyss delaying your translocation!
The ancient zyme barely misses you. The ancient zyme closely misses you.
Casting: Pain (safe; 1% risk of failure)
Confirm with . or Enter, or press ? or * to list all spells.
You can't see any susceptible monsters within range! (Use Z to cast anyway.)
You hit the ancient zyme.
The ancient zyme is lightly damaged.
You hit the ancient zyme but do no damage.
The ancient zyme is lightly damaged.
The ancient zyme hits you. x2
* * * LOW HITPOINT WARNING * * *
You barely miss the ancient zyme.
The ancient zyme is lightly damaged.
You hit the ancient zyme but do no damage.
The ancient zyme is lightly damaged.
The ancient zyme hits you!
* * * LOW HITPOINT WARNING * * *
The ancient zyme hits you!
You die...
Fedhas appreciates your contribution to the ecosystem.

..# ...#. .#....
...........# #.#
...# .. ###....
>##.#.#.. ..##.#
....##..#..... .#
##..#.##.....##...
# ##..####...#
##x..## .###
#@#.#... ######..
..


You could see an ancient zyme.

Vanquished Creatures
  Grinder (D:4)
  Edmund (D:5)
  Menkaure (D:4)
  A water moccasin (Sewer)
  An ice beast (D:6)
  A sky beast (D:5)
  An orc warrior (D:6)
  2 wights (D:5)
  A howler monkey (D:4)
  A jelly (D:5)
  5 orc priests
  11 orc wizards
  A worker ant (D:5)
  A hound zombie (D:6)
  8 adders
  A shadow imp (D:5)
  2 ufetubi
  An ooze (D:3)
  4 dart slugs
  7 worms
  7 leopard geckos
  26 orcs
  5 giant cockroaches
  4 goblins
  9 hobgoblins
  9 jackals
  10 kobolds
  12 bats
  3 frilled lizards
  14 rats
151 creatures vanquished.

Vanquished Creatures (collateral kills)
  A hobgoblin (D:1)
1 creature vanquished.

Vanquished Creatures (others)
  A lurking horror (Abyss:1)
  3 starspawn tentacles (Abyss:1)
4 creatures vanquished.

Grand Total: 156 creatures vanquished

Notes
Turn   | Place    | Note
-------+----------+-------------------------------------------
     0 | D:1      | flotson the Kobold Necromancer began the quest for the Orb.
     0 | D:1      | Reached XP level 1. HP: 10/10 MP: 3/3
    11 | D:1      | Learned a level 1 spell: Animate Skeleton
   330 | D:1      | Reached XP level 2. HP: 14/15 MP: 3/5
   830 | D:1      | Reached XP level 3. HP: 9/19 MP: 0/6
  1505 | D:1      | Learned a level 3 spell: Vampiric Draining
  1830 | D:2      | Reached XP level 4. HP: 20/24 MP: 1/8
  2673 | D:2      | Reached skill level 1 in Short Blades
  3351 | D:2      | Reached XP level 5. HP: 18/28 MP: 3/9
  4332 | D:3      | Reached skill level 5 in Necromancy
  4702 | D:3      | Reached XP level 6. HP: 23/32 MP: 2/11
  4898 | D:4      | Learned a level 4 spell: Animate Dead
  4956 | D:4      | Noticed Grinder
  4965 | D:4      | Killed Grinder
  4965 | D:4      | Reached skill level 1 in Armour
  4965 | D:4      | Reached XP level 7. HP: 11/36 MP: 3/13
  5493 | D:4      | Found a snail-covered altar of Cheibriados.
  5565 | D:4      | Noticed Menkaure
  5716 | D:4      | Found a bloodstained altar of Trog.
  6038 | D:4      | Found a staircase to the Ecumenical Temple.
  6044 | Temple   | Entered the Ecumenical Temple
  6296 | Temple   | Became a worshipper of Fedhas Madash
  6597 | D:4      | Reached skill level 5 in Spellcasting
  7258 | D:4      | Found a sacrificial altar of Ru.
  7273 | D:4      | Killed Menkaure
  7273 | D:4      | Reached XP level 8. HP: 42/42 MP: 14/16
  7358 | D:5      | Entered Level 5 of the Dungeon
  7415 | D:5      | Learned a level 5 spell: Agony
  7466 | D:5      | Noticed Edmund
  7478 | D:5      | Killed Edmund
  7478 | D:5      | Reached skill level 5 in Stealth
  7478 | D:5      | Reached skill level 1 in Evocations
  7856 | D:5      | Found a glowing drain.
  7865 | Sewer    | Entered a sewer
  8457 | D:5      | Reached * piety under Fedhas
  8630 | D:5      | Reached skill level 1 in Slings
  9353 | D:6      | Reached XP level 9. HP: 42/46 MP: 12/19
  9397 | D:6      | Found a stormy altar of Qazlal.
 10046 | D:5      | Reached skill level 1 in Fighting
 10842 | D:6      | Cast into level 1 of the Abyss (orc priest)
 10873 | Abyss:1  | Noticed a starcursed mass
 10928 | Abyss:1  | Noticed a spatial maelstrom
 10947 | Abyss:1  | Found a corrupted altar of Lugonu.
 10980 | Abyss:1  | Noticed a starcursed mass
 11031 | Abyss:1  | Noticed a wretched star
 11045 | Abyss:1  | Gained mutation: You tend to lose your temper in combat. [a
                  | neqoxec]
 11120 | Abyss:1  | Noticed a large abomination
 11195 | Abyss:1  | Noticed a raiju
 11200 | Abyss:1  | Noticed a thrashing horror
 11235 | Abyss:1  | Noticed an ancient zyme
 11276 | Abyss:1  | Noticed a tentacled starspawn
 11312 | Abyss:1  | Noticed an ancient zyme
 11333 | Abyss:1  | Slain by an ancient zyme

Illustrated notes

Levels and vault maps discovered:
D:1:      minmay_arrival_glassed_features, layout_loops_ring,
          minmay_rat_gold_closets
D:2:      layout_basic
D:3:      layout_loops_corners, kennysheep_generic_room_11
D:4:      layout_cave_pods, kennysheep_mini_moat, lemuel_round_altar,
          minmay_temple_entry_crystal_x, nicolae_ru_path_of_blood,
          uniq_menkaure, uniq_grinder
D:5:      layout_loops_ring, gup_sewer_entry_pipe, uniq_edmund
D:6:      layout_basic, nicolae_qazlal_eye_of_the_storm
Temple:   regret_index_temple_generic_petals
Abyss:1:  base: D:14, abyss_greek_temple, hangedman_decor_points,
          hangedman_abyss_monster_moat

Skill      XL: |  1  2  3  4  5  6  7  8  9 |
---------------+----------------------------+-----
Stealth        | 3 4 5 |  5.7
Spellcasting   | 3 4 5 6 7 |  7.0
Short Blades   | 1 2 |  2.9
Necromancy     | 5 6 7 |  7.3
Armour         | 1 2 |  2.3
Dodging        | 3 |  3.5
Evocations     | 1 |  1.0
Slings         | 1 2 |  2.1
Fighting       | 1 |  1.3

Action                   |  1- 3 |  4- 6 |  7- 9 || total
-------------------------+-------+-------+-------++-------
Melee: Dagger            |    54 |    90 |   158 ||   302
 Fire: Hunting sling     |       |    24 |    32 ||    56
 Cast: Pain              |    45 |    67 |   134 ||   246
       Animate Skeleton  |     5 |     2 |    11 ||    18
       Vampiric Draining |       |       |     1 ||     1
Evoke: Wand              |       |     4 |     6 ||    10
  Use: Potion            |     1 |       |     1 ||     2
       Scroll            |       |       |    15 ||    15
 Stab: Sleeping          |     6 |    15 |    13 ||    34
Armor: Robe              |     1 |       |       ||     1
       Leather armour    |     4 |    32 |    43 ||    79
       Skin              |     1 |       |       ||     1
Dodge: Dodged            |    53 |   105 |   178 ||   336

Table legend: (Time is in decaauts)
 A = Elapsed time spent in this place.
 B = Non-inter-level travel time spent in this place.
 C = Inter-level travel time spent in this place.
 D = Time resting spent in this place.
 E = Time spent auto-exploring this place.
 F = Levels seen in this place.
 G = Mean time per level.
                   A        B        C        D        E       F      G
               +--------+--------+--------+--------+--------+-----+--------+
         Total |  11344 |  10692 |    652 |   2510 |   5997 |   9 | 1260.4 |
       Dungeon |  10344 |   9738 |    606 |   2421 |   5568 |   6 | 1724.0 |
        Temple |    283 |    237 |     46 |      0 |    236 |   1 |  283.0 |
         Abyss |    489 |    489 |      0 |      3 |     92 |   1 |  489.0 |
         Sewer |    226 |    226 |      0 |     86 |    100 |   1 |  226.0 |
               +--------+--------+--------+--------+--------+-----+--------+

Top non-repeatable levels by time:
     D:3: 2419 daAuts
     D:5: 2194 daAuts
     D:1: 1878 daAuts
     D:2: 1403 daAuts
     D:4: 1379 daAuts
     D:6: 1069 daAuts
 Abyss:1: 489 daAuts
  Temple: 283 daAuts
   Sewer: 226 daAuts
